 Dungeon Crawl Stone Soup version 0.13.0-3-g966e3ec (webtiles) character file.

237 Jaijje the Chopper (level 4, 0/34 HPs)
             Began as a Demonspawn Abyssal Knight on Oct 13, 2013.
             Was a Follower of Lugonu.
             Slain by a gnoll
             ... wielding a +0,+0 spear
              (4 damage)
             ... on Level 5 of the Dungeon.
             The game lasted 00:07:17 (1927 turns).

Jaijje the Chopper (Demonspawn Abyssal Knight)      Turns: 1927, Time: 00:07:18

HP   0/34        AC  8     Str 13      XL: 4   Next: 40%
MP   5/5         EV  7     Int 14      God: Lugonu [*.....]
Gold 142         SH  0     Dex 17      Spells:  0 memorised,  3 levels left

Res.Fire  : . . .   See Invis. : .   a - +2 hand axe {=f}
Res.Cold  : . . .   Warding    : .   g - +0 ring mail (curse)
Life Prot.: . . .   Conserve   : .   t - +0 elf buckler
Res.Poison: .       Res.Corr.  : .   (helmet restricted)
Res.Elec. : .       Clarity    : .   s - +0 elf cloak
Sust.Abil.: . .     Spirit.Shd : .   l - +1 pair of dwarf gloves
Res.Mut.  : .       Stasis     : .   (no boots)
Res.Rott. : .       Flight     : .   (no amulet)
Saprovore : . . .                    (no ring)
                                     (no ring)

@: agile, mildly poisoned, held, slightly resistant to hostile enchantments,
fairly stealthy
A: horns 1
a: Depart the Abyss, Renounce Religion


You were on level 5 of the Dungeon.
You worshipped Lugonu.
Lugonu was aware of your devotion.
You were not hungry.

You visited 1 branch of the dungeon, and saw 5 of its levels.
You visited the Abyss 1 time.

You collected 122 gold pieces.

Inventory:

Hand weapons
 a - a +2,+2 hand axe (weapon) {=f}
Armour
 b - a +0 leather armour
 g - a cursed +0 ring mail (worn)
 l - a +1 pair of dwarven gloves (worn)
 s - a +0 elven cloak (worn)
 t - a +0 elven buckler (worn)
Comestibles
 c - 2 bread rations
 d - a pear
 n - an apple
 r - 2 meat rations
Scrolls
 f - 3 scrolls of identify
 i - 3 scrolls of enchant weapon II {unknown}
 j - a scroll of blinking {unknown}
 o - 2 scrolls of enchant armour {unknown}
 p - a scroll of magic mapping {unknown}
Jewellery
 e - an uncursed amulet of faith {unknown}
Potions
 h - a potion of speed {unknown}
 k - a potion of might
 m - a potion of beneficial mutation {unknown}
 q - a potion of agility


   Skills:
 - Level 3.0 Fighting
 + Level 4.2 Axes
 - Level 1.7 Armour
 - Level 0.8 Dodging
 - Level 2.4 Invocations


You had 3 spell levels left.
You didn't know any spells.

Dungeon Overview and Level Annotations

Branches:
Dungeon (5/27)
 Temple: D:4-7

Altars:


Innate Abilities, Weirdness & Mutations

You have a pair of small horns on your head.


Message History

You struggle against the net.
The adder bites you but does no damage. The gnoll hits you but does no damage.
The gnoll hits you from afar with a spear.
The adder bites you but does no damage.
You slice into the net.
You feel sick.
The gnoll hits you from afar with a spear.
* * * LOW HITPOINT WARNING * * *
The gnoll hits you from afar with a spear.
* * * LOW HITPOINT WARNING * * *
The adder bites you but does no damage. The gnoll hits you but does no damage.
The gnoll hits you but does no damage.
You can't do that while held in a net.
Drink which item? (? for menu, Esc to quit)
You feel more agile all of a sudden.
It was a potion of agility.
* * * LOW HITPOINT WARNING * * *
You feel sick. The gnoll hits you but does no damage.
The gnoll barely misses you. The adder bites you but does no damage.
The gnoll hits you from afar with a spear.
You die...

###############
.....g.........
......g..........
......gg@........
.......g.S.......
......g........
...............
...............
...!.........
.........).
......... ...


You could see a gnoll shaman, 5 gnolls and an adder.

Vanquished Creatures
  2 scorpions (D:4)
  An adder (D:3)
  A worm (D:2)
  A giant eyeball (D:4)
  2 orcs (D:4)
  3 bats
  2 giant cockroaches
  A goblin (D:1)
  5 hobgoblins
  A ball python skeleton (D:4)
  A giant gecko (D:4)
  4 giant newts
  6 kobolds
  A quokka (D:2)
  5 rats
36 creatures vanquished.

Notes
Turn   | Place    | Note
--------------------------------------------------------------
     0 | Abyss:1  | Jaijje, the Demonspawn Abyssal Knight, began the quest for the Orb.
     0 | Abyss:1  | Reached XP level 1. HP: 16/16 MP: 1/1
   129 | Abyss:1  | Noticed an iron imp
   144 | Abyss:1  | Noticed a flying skull
   148 | D:1      | Escaped the Abyss
   719 | D:1      | Gained mutation: You have a pair of small horns on your head. [demonic ancestry]
   719 | D:1      | Reached XP level 2. HP: 19/22 MP: 2/2
  1143 | D:3      | Acquired Lugonu's first power
  1143 | D:3      | Reached XP level 3. HP: 28/28 MP: 4/4
  1439 | D:4      | HP: 1/28 [poisoned by a scorpion]
  1467 | D:4      | Got a heavily runed leather armour
  1477 | D:4      | Identified the +2 leather armour of the Armoured One {Str-4 Int+1} (You found it on level 4 of the Dungeon)
  1504 | D:4      | Reached XP level 4. HP: 21/34 MP: 5/5
  1693 | D:4      | Reached skill level 4 in Axes
  1717 | D:4      | HP: 1/34 [poisoned by a scorpion]
  1916 | D:5      | Entered Level 5 of the Dungeon
  1927 | D:5      | Slain by a gnoll

Action                   |  1- 3 |  4- 6 || total
-------------------------+-------+-------++-------
Melee: Hand axe          |    77 |    25 ||   102
Invok: Depart the Abyss  |     1 |       ||     1
  Use: Potion            |     2 |     2 ||     4
       Scroll            |     1 |       ||     1
